Map: World of Sleepers LE

Players

lIlIIlllIIll - Winner!

  • Race: Protoss Protoss
  • League: Master
  • Spawn Location: 1:00

Mez

  • Race: Terran Terran
  • League: Master
  • Spawn Location: 7:00

VOD

Have the link to the VOD?

Description

Time

  • Played on: Sept. 3, 2019, 12:25 a.m.
  • Length: 7:14
Show
View Real Time Build Order
Export as new Build Order

lIlIIlllIIll Protoss - Winner!

Build Orders: 1 Gate Expand 

Get SALT Encoding   

  12  0:01  Probe  
  13  0:13  Probe  
  14  0:19  Pylon  
  14  0:21  Probe  
  15  0:34  Probe  
  15  0:38  Gateway  
  16  0:46  Probe  
  16  0:47  Assimilator  
  17  0:58  Probe  
  18  1:10  Probe  
  19  1:22  Probe  
  20  1:29  Nexus  
  20  1:36  Cybernetics Core  
  20  1:41  Assimilator  
  20  1:44  Pylon  
  20  1:48  Probe  
  21  2:01  Probe  
  22  2:02  Stalker  
  22  2:10  Pylon  
  22  2:13  Probe  
  22  2:14  Warp Gate  
  25  2:25  Probe  
  26  2:32  Stalker  
  28  2:40  Gateway  
  28  2:43  Probe  
  29  2:45  Probe  
  30  2:55  Probe  
  30  2:57  Probe  
  32  3:02  Gateway  
  32  3:09  Gateway  
  32  3:12  Probe  
  32  3:13  Probe  
  34  3:20  Probe  
  34  3:21  Probe  
  34  3:24  Pylon  
  36  3:28  Probe  
  36  3:29  Probe  
  38  3:39  Probe  
  39  3:41  Probe  
  39  3:46  Pylon  
  39  3:47  Probe  
  40  3:49  Probe  
  42  3:55  Probe  
  43  4:05  Shield Battery  
  43  4:06  Shield Battery  
  43  4:08  Stalker x3  
  49  4:12  Stalker  
  51  4:20  Pylon  
  51  4:32  Stalker x2  
  51  4:33  Stalker  
  51  4:35  Stalker  
  59  4:43  Shield Battery  
  55  4:53  Shield Battery  
  53  5:06  Stalker x3  
  53  5:07  Stalker  
  53  5:39  Stalker  
  53  5:40  Stalker x3  
  59  5:44  Shield Battery  
  59  5:47  Shield Battery  
  59  5:50  Shield Battery  
  59  5:53  Shield Battery  
  57  6:08  Stalker x2  
  57  6:09  Stalker x2  
  57  6:10  Probe x2  
  63  6:36  Stalker x3  
  63  6:37  Stalker  
  63  6:39  Gateway  
  65  6:46  Pylon  
  59  7:06  Stalker x4  
Show
View Real Time Build Order
Export as new Build Order

Mez Terran 

Build Orders: Reaper Expand 

Get SALT Encoding   

  12  0:00  SCV  
  13  0:13  SCV  
  14  0:17  Supply Depot  
  14  0:25  SCV  
  15  0:39  SCV  
  15  0:40  Barracks  
  16  0:43  Refinery  
  16  0:51  SCV  
  17  1:03  SCV  
  18  1:17  SCV  
  19  1:30  Reaper  
  20  1:37  Orbital Command  
  20  1:44  Command Center  
  20  1:54  Bunker  
  20  2:03  Marine  
  20  2:04  Supply Depot, SCV  
  22  2:18  SCV  
  23  2:23  Barracks Reactor  
  23  2:32  SCV  
  24  2:45  Command Center  
  24  2:48  Factory  
  24  2:49  SCV  
  25  2:57  Orbital Command  
  25  3:01  Refinery  
  25  3:04  SCV  
  26  3:08  Marine x2  
  28  3:16  SCV  
  29  3:26  Marine x2  
  31  3:28  SCV x2  
  31  3:33  Widow Mine  
  35  3:34  Starport  
  35  3:40  SCV x2  
  37  3:43  Marine  
  37  3:44  Marine  
  39  3:52  SCV x2  
  41  3:56  Widow Mine  
  41  3:57  Orbital Command  
  41  4:01  Refinery, Marine x2  
  45  4:04  SCV  
  45  4:07  SCV  
  47  4:14  Starport Tech Lab  
  47  4:16  SCV  
  48  4:19  SCV, Factory Tech Lab  
  48  4:21  Barracks  
  49  4:26  SCV  
  49  4:28  SCV  
  51  4:32  SCV  
  51  4:33  Marine x2  
  51  4:34  Raven  
  56  4:38  SCV  
  56  4:41  SCV  
  56  4:44  Barracks  
  58  4:49  Factory Reactor  
  58  4:52  Marine  
  58  4:53  Marine  
  52  5:07  Bunker  
  40  5:35  Marauder, Marine x2  
  40  5:36  Marine  
  40  5:40  SCV x3  
  43  5:44  Siege Tank  
  46  5:52  SCV x2  
  46  5:53  Marine  
  51  5:57  Marauder  
  51  6:07  Marine x2  
  49  6:11  Marine  
  49  6:14  Medivac x2  
  49  6:16  SCV x2  
  49  6:17  SCV  
  56  6:18  Marauder  
  47  6:34  Siege Tank  
  47  6:36  Marine  
  48  6:40  Marauder  
  48  6:43  Marine  
  42  6:50  Marine  
Tags
 
Add a new tag
Caveats
  • Supply blocks, unpowered buildings, or Contaminate may cause inaccurate times.
  • Supply counts are checked every 10 seconds.